Map: Temple gelé

Players

pupu - Winner!

  • Race: Protoss Protoss
  • League: Silver

spenzer

  • Race: Terran Terran
  • League: Silver

VOD

Have the link to the VOD?

Description

Time

  • Played on: April 8, 2016, 10:44 a.m.
  • Length: 7:32
Show
View Real Time Build Order
Export as new Build Order

pupu Protoss - Winner!

Build Orders: 1 Gate Expand 

Get SALT Encoding   

  12  0:01  Probe (Chrono Boost)  
  13  0:12  Probe (Chrono Boost)  
  14  0:19  Pylon  
  14  0:22  Probe (Chrono Boost)  
  15  0:37  Probe (Chrono Boost)  
  15  0:38  Gateway  
  16  0:47  Probe (Chrono Boost), Assimilator  
  17  0:58  Probe (Chrono Boost)  
  18  1:08  Probe (Chrono Boost)  
  19  1:21  Nexus  
  19  1:24  Probe (Chrono Boost)  
  20  1:38  Cybernetics Core, Probe (Chrono Boost)  
  21  1:43  Assimilator  
  21  1:50  Pylon  
  21  1:53  Probe (Chrono Boost)  
  22  2:03  Probe (Chrono Boost)  
  23  2:10  Warp Gate (Chrono Boost)  
  23  2:14  Probe (Chrono Boost)  
  24  2:19  Twilight Council  
  24  2:26  Probe  
  25  2:30  Gateway  
  25  2:35  Probe  
  25  2:38  Mothership Core  
  28  2:44  Stalker (Chrono Boost)  
  28  2:48  Probe  
  30  2:59  Probe x2  
  32  3:09  Probe  
  32  3:11  Probe  
  34  3:22  Zealot x2  
  38  3:27  Charge (Chrono Boost)  
  38  3:31  Probe  
  38  3:32  Probe  
  40  3:39  Pylon  
  40  3:46  Gateway  
  40  3:52  Gateway  
  40  4:00  Probe x2  
  42  4:06  Gateway  
  42  4:12  Probe  
  42  4:15  Probe  
  44  4:24  Probe  
  44  4:27  Probe  
  46  4:36  Probe (Chrono Boost)  
  46  4:37  Zealot x2  
  51  4:40  Probe (Chrono Boost)  
  52  4:48  Probe (Chrono Boost), Pylon  
  52  4:51  Probe  
  54  4:59  Forge  
  54  5:05  Pylon  
  54  5:06  Probe x2  
  56  5:07  Pylon  
  56  5:11  Gateway  
  56  5:25  Zealot x3, Robotics Facility  
  56  5:27  Zealot, Pylon  
  64  5:31  Pylon  
  64  5:35  Pylon  
  64  5:36  Probe x2  
  66  5:43  Pylon  
  66  5:49  Assimilator  
  66  5:54  Stalker x4  
  74  6:10  Sentry  
  76  6:13  Sentry  
  76  6:18  Zealot x3  
  80  6:19  Zealot  
  80  6:45  Gateway  
  80  6:46  Zealot x5  
  90  6:47  Zealot  
  92  6:57  Probe x2  
  96  7:09  Probe  
Show
View Real Time Build Order
Export as new Build Order

spenzer Terran 

Build Orders:  

Get SALT Encoding   

  12  0:01  SCV  
  13  0:16  Supply Depot  
  13  0:19  SCV  
  14  0:31  SCV  
  15  0:40  Barracks  
  15  0:44  SCV  
  15  0:47  Refinery  
  16  0:56  SCV  
  17  1:04  Supply Depot  
  17  1:08  SCV  
  18  1:20  SCV  
  19  1:32  SCV  
  20  1:35  Reaper  
  21  1:49  Command Center  
  21  1:55  SCV  
  22  2:07  SCV  
  22  2:08  Barracks  
  23  2:20  SCV  
  24  2:24  Marine  
  25  2:32  SCV  
  25  2:33  Refinery  
  26  2:41  Marine  
  26  2:44  SCV  
  28  2:56  SCV  
  28  2:58  Factory  
  28  2:59  Marine  
  28  3:01  SCV  
  30  3:06  Barracks Reactor  
  30  3:08  SCV  
  31  3:13  SCV  
  32  3:20  SCV  
  32  3:25  SCV  
  34  3:32  SCV  
  35  3:37  Barracks, SCV  
  36  3:44  SCV  
  37  3:49  Factory Tech Lab, SCV  
  37  3:54  Starport  
  38  3:55  Barracks Tech Lab  
  38  3:56  SCV  
  38  3:59  Marine x2  
  41  4:03  Orbital Command  
  41  4:17  Marine x2  
  41  4:19  Supply Depot  
  43  4:26  Barracks Reactor  
  43  4:27  Marauder  
  45  4:35  Marine  
  46  4:40  Marine, SCV x2  
  46  4:42  Supply Depot  
  46  4:43  Medivac  
  51  4:49  Marauder  
  53  4:52  SCV  
  53  4:55  Marine  
  54  5:03  Marine x3  
  54  5:04  Supply Depot  
  57  5:10  Marine  
  57  5:11  Combat Shields  
  57  5:13  Marine  
  59  5:18  Medivac  
  59  5:21  Marine  
  61  5:26  Supply Depot, Marine x2  
  61  5:28  Marauder  
  66  5:31  Marine  
  67  5:37  Siege Tank  
  70  5:46  Marine  
  70  5:47  Marine  
  70  5:48  Marine  
  70  5:49  Marauder, Marine  
  72  6:04  Marine  
  72  6:05  Marine x2  
  72  6:07  Marine  
  72  6:09  Medivac  
  78  6:24  Marine x2  
  78  6:25  Marine  
  78  6:26  Marine  
  78  6:27  Marauder  
  67  6:42  Marine x2  
  67  6:43  Marine x2  
  60  6:48  Marauder  
  62  6:55  Medivac  
  62  7:00  Marine x2  
  66  7:01  Marine x2  
  68  7:09  Marauder  
Tags
 
Add a new tag
Caveats
  • Supply blocks, unpowered buildings, or Contaminate may cause inaccurate times.
  • Supply counts are checked every 10 seconds.